WCHLSIM.com - West Coast Hockey League
html PUBLIC "-//W3C//DTD XHTML 1.0 Transitional//EN" "http://www.w3.org/TR/xhtml1/DTD/xhtml1-transitional.dtd"> WCHL - Game 339 - VICTORIA GLADIATORS vs SEATTLE GRUNGE

VICTORIA GLADIATORS vs SEATTLE GRUNGE

Created - 2 janvier 2021 at 00:23

Goals
1 2 3 T
VICTORIA GLADIATORS 1 1 2 4
SEATTLE GRUNGE 1 1 1 3
Shots
1 2 3 T
VICTORIA GLADIATORS 3 10 11 24
SEATTLE GRUNGE 6 6 7 19

1st period

1. SEATTLE GRUNGE , Roman Josi 4 (Josh Bailey 10, Tyler Seguin 12) at 2:50 (PP)
2. VICTORIA GLADIATORS , Kyle Connor 13 (Conor Garland 7, Vincent Trocheck 14) at 6:05

Penalties :
Vincent Trocheck (VIC) for Holding (Minor) at 0:56, Matthew Grzelcyk (SEA) for Interference (Minor) at 11:18

2nd period

3. SEATTLE GRUNGE , Chris Tierney 4 (Travis Sanheim 2) at 0:11
4. VICTORIA GLADIATORS , Anze Kopitar 7 (Jakub Voracek 11) at 4:22 (PP)

Penalties :
Carl Hagelin (SEA) for Holding (Minor) at 2:36, Slater Koekkoek (SEA) for Hooking (Minor) at 5:41, Nikita Zaitsev (VIC) for Tripping (Minor) at 11:10, Wayne Simmonds (SEA) for Hooking (Minor) at 14:01

3rd period

5. SEATTLE GRUNGE , Josh Bailey 5 (Roman Josi 20) at 14:27 (SH)
6. VICTORIA GLADIATORS , Kyle Connor 14 (Torey Krug 5, Conor Garland 8) at 18:16 (PP)
7. VICTORIA GLADIATORS , Bryan Rust 18 (Anze Kopitar 25) at 18:20

Penalties :
Chris Tierney (SEA) for Tripping (Minor) at 1:46, Nick Holden (VIC) for Roughing (Minor) at 1:46, Vladislav Namestnikov (SEA) for High sticking (Minor) at 14:15, Slater Koekkoek (SEA) for Roughing (Minor) at 17:30, Vincent Trocheck (VIC) for Holding (Minor) at 18:53

Goalie Stats

Carter Hart (VIC), 16 saves from 19 shots - (0,842), W, 15-3-0, 60:00 minutes
Semyon Varlamov (SEA), 20 saves from 24 shots - (0,833), L, 8-9-2, 59:15 minutes

Players Stats for VICTORIA GLADIATORS

Player Name              G  A  P  +/- PIM S  H  SB GA TA FO     MP     PP MP  PK MP  
------------------------------------------------------------------------------------
Anze Kopitar             1  1  2   0  0   6  0  0  0  0  14/26  20:25   4:51   0:00 
Brady Skjei              0  0  0   1  0   0  1  0  0  0  0/0    18:19   4:14   0:00 
Bryan Rust               1  0  1   0  0   4  0  0  0  0  0/0    20:25   4:51   0:00 
Conor Garland            0  2  2   0  0   2  1  0  0  0  0/2    19:18   5:37   0:00 
Derek Grant              0  0  0   0  0   0  0  0  0  0  5/7     5:56   0:00   2:39 
Duncan Keith             0  0  0  -1  0   0  0  0  0  0  0/0    21:35   0:44   2:24 
Esa Lindell              0  0  0  -1  0   1  1  4  0  0  0/0    21:32   0:44   2:24 
Jakub Voracek            0  1  1   0  0   2  0  0  0  0  1/1    19:14   4:51   0:00 
Jared McCann             0  0  0   0  0   0  0  0  0  0  0/0     4:05   0:00   0:00 
Johan Larsson            0  0  0   0  0   0  1  0  0  0  3/10   14:21   0:00   2:20 
John Hayden              0  0  0   0  0   2  0  0  0  0  0/0     3:17   0:00   0:00 
Kyle Connor              2  0  2   0  0   4  1  0  0  0  0/3    19:18   5:37   0:00 
Mattias Janmark          0  0  0   0  0   0  1  1  0  0  0/0    13:33   0:00   2:20 
Nick Holden              0  0  0   0  2   0  1  2  0  0  0/0    19:20   5:30   2:35 
Nikita Zaitsev           0  0  0   1  2   0  2  1  0  0  0/0    19:03   4:14   0:00 
Tanner Pearson           0  0  0   0  0   1  1  1  0  0  0/3    13:52   0:00   2:39 
Torey Krug               0  1  1   0  0   0  1  1  0  0  0/0    20:09   5:30   2:35 
Vincent Trocheck         0  1  1   0  4   2  3  0  0  0  13/21  19:16   5:37   0:00 

Players Stats for SEATTLE GRUNGE

Player Name              G  A  P  +/- PIM S  H  SB GA TA FO     MP     PP MP  PK MP  
------------------------------------------------------------------------------------
Carl Hagelin             0  0  0  -1  2   1  1  0  0  0  0/1     8:49   0:00   1:26 
Chris Tierney            1  0  1   1  2   3  0  0  0  0  7/11   15:21   2:12   0:00 
Damon Severson           0  0  0   1  0   1  2  2  0  0  0/0    24:32   2:15   6:10 
David Savard             0  0  0   0  0   0  3  1  0  0  0/0    22:26   2:44   4:18 
Jason Spezza             0  0  0  -1  0   1  0  0  0  0  3/13   10:39   0:00   3:00 
Josh Bailey              1  1  2   2  0   3  0  0  0  0  0/3    22:52   3:08   6:34 
Marcus Sorensen          0  0  0  -1  0   0  1  0  0  0  1/1     7:24   0:00   0:00 
Matthew Grzelcyk         0  0  0  -1  2   1  1  0  0  0  0/0    13:01   0:00   0:00 
Mike Hoffman             0  0  0   0  0   1  0  0  0  0  0/0    19:07   2:47   0:00 
Morgan Geekie            0  0  0   0  0   1  1  0  0  0  11/19  14:14   0:00   6:50 
Roman Josi               1  1  2   1  0   1  0  4  0  0  0/0    24:32   2:15   6:10 
Ryan Reaves              0  0  0  -1  0   0  2  0  0  0  0/0     7:39   0:00   0:00 
Slater Koekkoek          0  0  0  -1  4   0  4  1  0  0  0/0    13:00   0:00   0:00 
Travis Sanheim           0  1  1   0  0   1  1  2  0  0  0/0    22:26   2:44   4:18 
Trevor Lewis             0  0  0  -1  0   0  0  0  0  0  0/0     8:14   0:19   0:16 
Tyler Seguin             0  1  1   0  0   2  1  1  0  0  15/24  19:07   2:47   0:00 
Vladislav Namestnikov    0  0  0   0  2   2  2  0  0  0  0/1    18:42   1:32   2:50 
Wayne Simmonds           0  0  0   1  2   1  3  0  0  0  0/0    15:21   2:12   0:00 

3 Stars

1 - Kyle Connor (VIC)
2 - Josh Bailey (SEA)
3 - Roman Josi (SEA)

Power Play

VICTORIA GLADIATORS - 2 on 6 Attempt(s) - 33,33%
SEATTLE GRUNGE - 1 on 3 Attempt(s) - 33,33%

Penalty Kill

VICTORIA GLADIATORS - 2 on 3 Attempt(s) - 66,67% - Score 0 goal in Penalty Kill
SEATTLE GRUNGE - 4 on 6 Attempt(s) - 66,67% - Score 1 goal in Penalty Kill

Team Stat

VICTORIA GLADIATORS - Hits : 14 - Faceoff Wins : 36 - Blocked Shots : 10 - Penalty Minutes : 8
SEATTLE GRUNGE - Hits : 22 - Faceoff Wins : 37 - Blocked Shots : 11 - Penalty Minutes : 14

Official

Referees : Shaun Davis and Chris Rooney
Linesman : Kyle Larson and Travis Gawryletz

Game Notes

No Game Note

Finance

Level 1 -- Attendance: 6000 (100,00%) -- Ticket Income 720 000 $
Level 2 -- Attendance: 5000 (100,00%) -- Ticket Income 375 000 $
Level 3 -- Attendance: 2471 (82,37%) -- Ticket Income 135 905 $
Level 4 -- Attendance: 5000 (100,00%) -- Ticket Income 175 000 $
Luxury Box -- Attendance: 1000 (100,00%) -- Ticket Income 240 000 $
Total Attendance: 19471 (97,36%)
Total Ticket Income: 1 645 905 $
Other Income: 576 067 $
Total Income: 2 221 972 $

VICTORIA GLADIATORS

5 vs 5 Forward 
   Center                   Left Wing                Right Wing               Time % Phy DF OF 
 1 Anze Kopitar             Bryan Rust               Jakub Voracek            36     0   2  3  
 2 Vincent Trocheck         Kyle Connor              Conor Garland            34     0   2  3  
 3 Johan Larsson            Tanner Pearson           Mattias Janmark          23     0   4  1  
 4 Derek Grant              Jared McCann             John Hayden              7      0   4  1  

5 vs 5 Defense 
   Defense                  Defense                                           Time % Phy DF OF 
 1 Duncan Keith             Esa Lindell                                       40     0   5  0  
 2 Brady Skjei              Nikita Zaitsev                                    35     0   5  0  
 3 Torey Krug               Nick Holden                                       25     0   5  0  
 4 Brady Skjei              Nikita Zaitsev                                    0      0   5  0  

PowerPlay Forward 
   Center                   Left Wing                Right Wing               Time % Phy DF OF 
 1 Anze Kopitar             Bryan Rust               Jakub Voracek            50     0   2  3  
 2 Vincent Trocheck         Kyle Connor              Conor Garland            50     0   2  3  

PowerPlay Defense
   Defense                  Defense                                           Time % Phy DF OF 
 1 Brady Skjei              Nikita Zaitsev                                    50     1   2  2  
 2 Torey Krug               Nick Holden                                       50     1   2  2  

Penalty Kill 4 Players Forward 
   Center                   Wing                     Time % Phy DF OF 
 1 Johan Larsson            Mattias Janmark          50     0   5  0  
 2 Derek Grant              Tanner Pearson           50     0   5  0  

Penalty Kill 4 Players Defense
   Defense                  Defense                  Time % Phy DF OF 
 1 Duncan Keith             Esa Lindell              50     0   5  0  
 2 Torey Krug               Nick Holden              50     0   5  0  

Penalty Kill - 3 Players Forward 
   Forward                                           Time % Phy DF OF 
 1 Johan Larsson                                     50     0   5  0  
 2 Mattias Janmark                                   50     0   5  0  

Penalty Kill - 3 Players Defense
   Defense                  Defense                  Time % Phy DF OF 
 1 Duncan Keith             Esa Lindell              50     0   5  0  
 2 Brady Skjei              Nikita Zaitsev           50     0   5  0  

4 vs 4 Forward 
   Center                   Wing                     Time % Phy DF OF 
 1 Anze Kopitar             Bryan Rust               50     0   4  1  
 2 Johan Larsson            Jared McCann             50     0   4  1  

4 vs 4 Defense
   Defense                  Defense                  Time % Phy DF OF 
 1 Duncan Keith             Esa Lindell              50     0   4  1  
 2 Torey Krug               Nick Holden              50     0   4  1  

Last Minutes Offensive
   Center                   Left Wing                Right Wing               Defense                  Defense                  
   Anze Kopitar             Bryan Rust               Jakub Voracek            Brady Skjei              Nikita Zaitsev           

Last Minutes Defensive
   Center                   Left Wing                Right Wing               Defense                  Defense                  
   Johan Larsson            Tanner Pearson           Mattias Janmark          Duncan Keith             Esa Lindell              

Goaltenders
Starting : Carter Hart              
Backup : Jack Campbell            

Extra Forwards
Normal : Jakub Voracek, Jared McCann, Kyle Connor - PP : Tanner Pearson, Mattias Janmark - PK : Vincent Trocheck
Extra Defensemen
Normal : Nikita Zaitsev, Torey Krug, Nick Holden - PP : Brady Skjei - PK : Esa Lindell, Nick Holden
Penalty Shots
Anze Kopitar, Bryan Rust, Kyle Connor, Conor Garland, Jakub Voracek
Custom OT Lines Forwards
Anze Kopitar, Kyle Connor, Bryan Rust, Jakub Voracek, Vincent Trocheck, Tanner Pearson, Conor Garland, Jared McCann, Mattias Janmark, Derek Grant
Custom OT Lines Defensemen
Duncan Keith, Brady Skjei, Esa Lindell, Nikita Zaitsev, Torey Krug

Scratches
Andrew Cogliano (Healthy)

SEATTLE GRUNGE

5 vs 5 Forward 
   Center                   Left Wing                Right Wing               Time % Phy DF OF 
 1 Tyler Seguin             Vladislav Namestnikov    Mike Hoffman             37     1   2  2  
 2 Chris Tierney            Josh Bailey              Wayne Simmonds           34     1   2  2  
 3 Morgan Geekie            Carl Hagelin             Marcus Sorensen          23     1   2  2  
 4 Jason Spezza             Trevor Lewis             Ryan Reaves              6      1   2  2  

5 vs 5 Defense 
   Defense                  Defense                                           Time % Phy DF OF 
 1 Roman Josi               Damon Severson                                    40     1   2  2  
 2 David Savard             Travis Sanheim                                    39     1   2  2  
 3 Matthew Grzelcyk         Slater Koekkoek                                   21     1   2  2  
 4 Roman Josi               Damon Severson                                    0      1   2  2  

PowerPlay Forward 
   Center                   Left Wing                Right Wing               Time % Phy DF OF 
 1 Tyler Seguin             Mike Hoffman             Josh Bailey              55     1   2  2  
 2 Chris Tierney            Vladislav Namestnikov    Wayne Simmonds           45     1   2  2  

PowerPlay Defense
   Defense                  Defense                                           Time % Phy DF OF 
 1 Roman Josi               Damon Severson                                    55     1   2  2  
 2 David Savard             Travis Sanheim                                    45     1   2  2  

Penalty Kill 4 Players Forward 
   Center                   Wing                     Time % Phy DF OF 
 1 Morgan Geekie            Josh Bailey              55     1   4  0  
 2 Jason Spezza             Vladislav Namestnikov    45     1   4  0  

Penalty Kill 4 Players Defense
   Defense                  Defense                  Time % Phy DF OF 
 1 Roman Josi               Damon Severson           55     1   3  1  
 2 David Savard             Travis Sanheim           45     1   3  1  

Penalty Kill - 3 Players Forward 
   Forward                                           Time % Phy DF OF 
 1 Chris Tierney                                     55     0   5  0  
 2 Morgan Geekie                                     45     0   5  0  

Penalty Kill - 3 Players Defense
   Defense                  Defense                  Time % Phy DF OF 
 1 Roman Josi               Damon Severson           55     1   4  0  
 2 David Savard             Travis Sanheim           45     1   4  0  

4 vs 4 Forward 
   Center                   Wing                     Time % Phy DF OF 
 1 Tyler Seguin             Mike Hoffman             55     1   2  2  
 2 Chris Tierney            Josh Bailey              45     1   2  2  

4 vs 4 Defense
   Defense                  Defense                  Time % Phy DF OF 
 1 Roman Josi               Damon Severson           55     1   2  2  
 2 David Savard             Travis Sanheim           45     1   2  2  

Last Minutes Offensive
   Center                   Left Wing                Right Wing               Defense                  Defense                  
   Tyler Seguin             Josh Bailey              Mike Hoffman             Roman Josi               Damon Severson           

Last Minutes Defensive
   Center                   Left Wing                Right Wing               Defense                  Defense                  
   Chris Tierney            Vladislav Namestnikov    Josh Bailey              Roman Josi               Damon Severson           

Goaltenders
Starting : Semyon Varlamov          
Backup : Jimmy Howard             

Extra Forwards
Normal : Tyler Seguin, Vladislav Namestnikov, Mike Hoffman - PP : Tyler Seguin, Vladislav Namestnikov - PK : Carl Hagelin
Extra Defensemen
Normal : Matthew Grzelcyk, Slater Koekkoek, Damon Severson - PP : Matthew Grzelcyk - PK : Slater Koekkoek, Damon Severson
Penalty Shots
Tyler Seguin, Mike Hoffman, Josh Bailey, Chris Tierney, Roman Josi
Custom OT Lines Forwards
Mike Hoffman, Tyler Seguin, Josh Bailey, Vladislav Namestnikov, Wayne Simmonds, Chris Tierney, Morgan Geekie, Marcus Sorensen, Carl Hagelin, Jason Spezza
Custom OT Lines Defensemen
Roman Josi, David Savard, Damon Severson, Travis Sanheim, Matthew Grzelcyk

Scratches
Brian Boyle (Sprained Right Ankle Injury), Jake Guentzel (Lacerated Left Calf Injury)

% Time on Ice - VICTORIA GLADIATORS

Lines # - Real PCT - Wanted PCT - Time Play
Normal Forward
1 - 34% - 36% - 14:23
2 - 32% - 34% - 13:41
3 - 26% - 23% - 11:13
4 - 8% - 7% - 3:17
Normal Defense
1 - 41% - 40% - 17:16
2 - 33% - 35% - 14:02
3 - 26% - 25% - 11:16
4 - 0% - 0% - 0:00
PP Forward
1 - 46% - 50% - 4:51
2 - 54% - 50% - 5:37
PP Defense
1 - 40% - 50% - 4:14
2 - 60% - 50% - 6:14
PK Forward
1 - 47% - 50% - 2:20
2 - 53% - 50% - 2:39
PK Defense
1 - 48% - 50% - 2:24
2 - 52% - 50% - 2:35
PK3 Forward
1 - 0% - 50%
2 - 0% - 50%
PK3 Defense
1 - 0% - 50%
2 - 0% - 50%
44 Forward
1 - 60% - 50% - 1:11
2 - 40% - 50% - 0:48
44 Defense
1 - 57% - 50% - 1:08
2 - 43% - 50% - 0:51
Last Minute Offensive  - 0:00
Last Minute Defensive  - 0:00
Total
Forward - 60:00
Defense - 60:00

% Time on Ice - SEATTLE GRUNGE

Lines # - Real PCT - Wanted PCT - Time Play
Normal Forward
1 - 34% - 37% - 14:21
2 - 31% - 34% - 13:10
3 - 17% - 23% - 7:24
4 - 18% - 6% - 7:39
Normal Defense
1 - 33% - 40% - 14:12
2 - 36% - 39% - 15:20
3 - 31% - 21% - 13:02
4 - 0% - 0% - 0:00
PP Forward
1 - 56% - 55% - 2:47
2 - 44% - 45% - 2:12
PP Defense
1 - 45% - 55% - 2:15
2 - 55% - 45% - 2:44
PK Forward
1 - 65% - 55% - 6:50
2 - 35% - 45% - 3:38
PK Defense
1 - 59% - 55% - 6:10
2 - 41% - 45% - 4:18
PK3 Forward
1 - 0% - 55%
2 - 0% - 45%
PK3 Defense
1 - 0% - 55%
2 - 0% - 45%
44 Forward
1 - 100% - 55% - 1:59
2 - 0% - 45% - 0:00
44 Defense
1 - 97% - 55% - 1:55
2 - 3% - 45% - 0:04
Last Minute Offensive  - 0:00
Last Minute Defensive  - 0:00
Total
Forward - 60:00
Defense - 60:00

Play-by-Play

1st period


0:01 of 1st period - Anze Kopitar wins face-off versus Tyler Seguin in neutral zone.
0:47 of 1st period - Shot by Bryan Rust.
0:47 of 1st period - Shot Blocked by Damon Severson.
0:49 of 1st period - Shot by Anze Kopitar.
0:49 of 1st period - Shot Misses the Net.
0:56 of 1st period - Minor Penalty to Vincent Trocheck for Holding.
0:57 of 1st period - Chris Tierney wins face-off versus Johan Larsson in VICTORIA GLADIATORS zone.
1:08 of 1st period - David Savard is hit by Mattias Janmark and loses puck.
1:49 of 1st period - Shot by Torey Krug.
1:49 of 1st period - Deflect By Tanner Pearson.
1:49 of 1st period - Shot Blocked by Travis Sanheim.
2:19 of 1st period - Shot by Tyler Seguin.
2:19 of 1st period - Shot Blocked by Esa Lindell.
2:21 of 1st period - Shot by Damon Severson.
2:21 of 1st period - Stopped by Carter Hart without a rebound.
2:22 of 1st period - Derek Grant wins face-off versus Tyler Seguin in VICTORIA GLADIATORS zone.
2:42 of 1st period - Off-side.
2:43 of 1st period - Tyler Seguin wins face-off versus Derek Grant in neutral zone.
2:50 of 1st period - Shot by Roman Josi.
2:50 of 1st period - Goal by Roman Josi - VICTORIA GLADIATORS : 0 - SEATTLE GRUNGE : 1.
2:51 of 1st period - Marcus Sorensen wins face-off versus Vincent Trocheck in neutral zone.
3:11 of 1st period - Brady Skjei is hit by Matthew Grzelcyk and loses puck.
3:16 of 1st period - Shot by Kyle Connor.
3:16 of 1st period - Shot Misses the Net.
3:37 of 1st period - Icing by Vincent Trocheck.
3:38 of 1st period - Vincent Trocheck wins face-off versus Chris Tierney in VICTORIA GLADIATORS zone.
3:57 of 1st period - Shot by Wayne Simmonds.
3:57 of 1st period - Shot Misses the Net.
4:00 of 1st period - Icing by Torey Krug.
4:01 of 1st period - Tyler Seguin wins face-off versus Johan Larsson in VICTORIA GLADIATORS zone.
4:51 of 1st period - Icing by Damon Severson.
4:52 of 1st period - Anze Kopitar wins face-off versus Tyler Seguin in SEATTLE GRUNGE zone.
5:26 of 1st period - Shot by Josh Bailey.
5:26 of 1st period - Stopped by Carter Hart without a rebound.
5:27 of 1st period - Morgan Geekie wins face-off versus Vincent Trocheck in VICTORIA GLADIATORS zone.
6:05 of 1st period - Shot by Kyle Connor.
6:05 of 1st period - Goal by Kyle Connor - VICTORIA GLADIATORS : 1 - SEATTLE GRUNGE : 1.
6:06 of 1st period - Anze Kopitar wins face-off versus Chris Tierney in neutral zone.
6:36 of 1st period - Icing by Duncan Keith.
6:37 of 1st period - Anze Kopitar wins face-off versus Jason Spezza in VICTORIA GLADIATORS zone.
6:37 of 1st period - Anze Kopitar is hit by Ryan Reaves.
6:50 of 1st period - Bryan Rust is hit by Damon Severson and loses puck.
7:29 of 1st period - Josh Bailey is hit by Vincent Trocheck and loses puck.
8:14 of 1st period - Icing by Nick Holden.
8:15 of 1st period - Vincent Trocheck wins face-off versus Vladislav Namestnikov in VICTORIA GLADIATORS zone.
9:16 of 1st period - Tanner Pearson is hit by Marcus Sorensen and loses puck.
9:57 of 1st period - Josh Bailey is hit by Johan Larsson and loses puck.
10:06 of 1st period - Brady Skjei is hit by Wayne Simmonds and loses puck.
10:17 of 1st period - Shot by Wayne Simmonds.
10:17 of 1st period - Shot Misses the Net.
10:46 of 1st period - Tanner Pearson is hit by Slater Koekkoek and loses puck.
11:18 of 1st period - Minor Penalty to Matthew Grzelcyk for Interference.
11:19 of 1st period - Morgan Geekie wins face-off versus Vincent Trocheck in SEATTLE GRUNGE zone.
12:01 of 1st period - Shot by Kyle Connor.
12:01 of 1st period - Shot Blocked by David Savard.
12:03 of 1st period - Shot by Vincent Trocheck.
12:03 of 1st period - Stopped by Semyon Varlamov without a rebound.
12:04 of 1st period - Morgan Geekie wins face-off versus Anze Kopitar in SEATTLE GRUNGE zone.
12:29 of 1st period - Shot by Anze Kopitar.
12:29 of 1st period - Stopped by Semyon Varlamov without a rebound.
12:30 of 1st period - Vincent Trocheck wins face-off versus Jason Spezza in SEATTLE GRUNGE zone.
13:27 of 1st period - Shot by Tyler Seguin.
13:27 of 1st period - Stopped by Carter Hart without a rebound.
13:28 of 1st period - Tyler Seguin wins face-off versus Anze Kopitar in VICTORIA GLADIATORS zone.
13:31 of 1st period - Shot by Vladislav Namestnikov.
13:31 of 1st period - Shot Blocked by Nick Holden.
13:41 of 1st period - Shot by Bryan Rust.
13:41 of 1st period - Shot Misses the Net.
13:43 of 1st period - Shot by Anze Kopitar.
13:43 of 1st period - Shot Misses the Net.
13:45 of 1st period - Shot by Torey Krug.
13:45 of 1st period - Deflect By Jakub Voracek.
13:45 of 1st period - Shot Misses the Net.
14:02 of 1st period - Anze Kopitar is hit by David Savard and loses puck.
15:45 of 1st period - Shot by Chris Tierney.
15:45 of 1st period - Shot Blocked by Esa Lindell.
15:56 of 1st period - Icing by Esa Lindell.
15:57 of 1st period - Vincent Trocheck wins face-off versus Morgan Geekie in VICTORIA GLADIATORS zone.
16:10 of 1st period - Carl Hagelin is hit by Esa Lindell.
16:37 of 1st period - Shot by Carl Hagelin.
16:37 of 1st period - Stopped by Carter Hart without a rebound.
16:38 of 1st period - Tyler Seguin wins face-off versus Anze Kopitar in VICTORIA GLADIATORS zone.
16:41 of 1st period - Shot by Tyler Seguin.
16:41 of 1st period - Shot Misses the Net.
17:20 of 1st period - Mike Hoffman is hit by Torey Krug and loses puck.
17:24 of 1st period - Icing by Nick Holden.
17:25 of 1st period - Chris Tierney wins face-off versus Anze Kopitar in VICTORIA GLADIATORS zone.
17:28 of 1st period - Shot by Josh Bailey.
17:28 of 1st period - Stopped by Carter Hart without a rebound.
17:29 of 1st period - Chris Tierney wins face-off versus Johan Larsson in VICTORIA GLADIATORS zone.
18:18 of 1st period - Icing by Tanner Pearson.
18:19 of 1st period - Tyler Seguin wins face-off versus Tanner Pearson in VICTORIA GLADIATORS zone.
18:41 of 1st period - Shot by Roman Josi.
18:41 of 1st period - Shot Misses the Net.
19:03 of 1st period - Shot by Vladislav Namestnikov.
19:03 of 1st period - Shot Misses the Net.
19:35 of 1st period - Shot by Marcus Sorensen.
19:35 of 1st period - Shot Misses the Net.
19:42 of 1st period - Icing by Esa Lindell.
19:43 of 1st period - Anze Kopitar wins face-off versus Chris Tierney in VICTORIA GLADIATORS zone.
19:43 of 1st period - Bryan Rust is hit by Wayne Simmonds and loses puck.
Goals for this period are 1 for VICTORIA GLADIATORS vs 1 for SEATTLE GRUNGE.
Shots for this period are 3 for VICTORIA GLADIATORS vs 6 for SEATTLE GRUNGE.

2nd period


0:01 of 2nd period - Chris Tierney wins face-off versus Kyle Connor in neutral zone.
0:11 of 2nd period - Shot by Chris Tierney.
0:11 of 2nd period - Goal by Chris Tierney - VICTORIA GLADIATORS : 1 - SEATTLE GRUNGE : 2.
0:12 of 2nd period - Tyler Seguin wins face-off versus Anze Kopitar in neutral zone.
0:28 of 2nd period - Anze Kopitar is hit by Damon Severson and loses puck.
1:24 of 2nd period - Shot by Kyle Connor.
1:24 of 2nd period - Shot Misses the Net.
2:36 of 2nd period - Minor Penalty to Carl Hagelin for Holding.
2:37 of 2nd period - Morgan Geekie wins face-off versus Anze Kopitar in SEATTLE GRUNGE zone.
2:50 of 2nd period - Shot by Bryan Rust.
2:50 of 2nd period - Stopped by Semyon Varlamov without a rebound.
2:51 of 2nd period - Anze Kopitar wins face-off versus Morgan Geekie in SEATTLE GRUNGE zone.
2:54 of 2nd period - Shot by Bryan Rust.
2:54 of 2nd period - Shot Blocked by Roman Josi.
3:06 of 2nd period - Shot by Anze Kopitar.
3:06 of 2nd period - Shot Misses the Net.
3:08 of 2nd period - Shot by Nick Holden.
3:08 of 2nd period - Shot Blocked by Roman Josi.
3:10 of 2nd period - Shot by Anze Kopitar.
3:10 of 2nd period - Shot Misses the Net.
3:12 of 2nd period - Shot by Bryan Rust.
3:12 of 2nd period - Stopped by Semyon Varlamov without a rebound.
3:13 of 2nd period - Jason Spezza wins face-off versus Vincent Trocheck in SEATTLE GRUNGE zone.
4:18 of 2nd period - Shot by Jakub Voracek.
4:18 of 2nd period - Stopped by Semyon Varlamov without a rebound.
4:19 of 2nd period - Anze Kopitar wins face-off versus Jason Spezza in SEATTLE GRUNGE zone.
4:20 of 2nd period - Shot by Jakub Voracek.
4:20 of 2nd period - Shot Misses the Net.
4:22 of 2nd period - Shot by Anze Kopitar.
4:22 of 2nd period - Goal by Anze Kopitar - VICTORIA GLADIATORS : 2 - SEATTLE GRUNGE : 2.
4:23 of 2nd period - Johan Larsson wins face-off versus Jason Spezza in neutral zone.
5:09 of 2nd period - Johan Larsson is hit by Slater Koekkoek and loses puck.
5:23 of 2nd period - Matthew Grzelcyk is hit by Brady Skjei and loses puck.
5:41 of 2nd period - Minor Penalty to Slater Koekkoek for Hooking.
5:42 of 2nd period - Vincent Trocheck wins face-off versus Morgan Geekie in SEATTLE GRUNGE zone.
8:09 of 2nd period - Shot by Tanner Pearson.
8:09 of 2nd period - Stopped by Semyon Varlamov with a rebound.
8:37 of 2nd period - Icing by Esa Lindell.
8:38 of 2nd period - Chris Tierney wins face-off versus Tanner Pearson in VICTORIA GLADIATORS zone.
9:10 of 2nd period - Shot by Wayne Simmonds.
9:10 of 2nd period - Shot Misses the Net.
9:27 of 2nd period - Shot by Jakub Voracek.
9:27 of 2nd period - Shot Blocked by Travis Sanheim.
9:32 of 2nd period - Bryan Rust is hit by David Savard and loses puck.
9:47 of 2nd period - Josh Bailey is hit by Vincent Trocheck and loses puck.
10:02 of 2nd period - Shot by Conor Garland.
10:02 of 2nd period - Stopped by Semyon Varlamov without a rebound.
10:03 of 2nd period - Derek Grant wins face-off versus Morgan Geekie in SEATTLE GRUNGE zone.
10:33 of 2nd period - Shot by John Hayden.
10:33 of 2nd period - Stopped by Semyon Varlamov without a rebound.
10:34 of 2nd period - Vincent Trocheck wins face-off versus Jason Spezza in SEATTLE GRUNGE zone.
11:10 of 2nd period - Minor Penalty to Nikita Zaitsev for Tripping.
11:11 of 2nd period - Johan Larsson wins face-off versus Tyler Seguin in VICTORIA GLADIATORS zone.
11:43 of 2nd period - Icing by Roman Josi.
11:44 of 2nd period - Tyler Seguin wins face-off versus Johan Larsson in SEATTLE GRUNGE zone.
12:26 of 2nd period - Shot by Chris Tierney.
12:26 of 2nd period - Shot Misses the Net.
12:28 of 2nd period - Shot by Vladislav Namestnikov.
12:28 of 2nd period - Deflect By Chris Tierney.
12:28 of 2nd period - Stopped by Carter Hart with a rebound.
12:46 of 2nd period - Shot by Vladislav Namestnikov.
12:46 of 2nd period - Shot Misses the Net.
12:48 of 2nd period - Shot by Wayne Simmonds.
12:48 of 2nd period - Shot Misses the Net.
12:50 of 2nd period - Shot by Travis Sanheim.
12:50 of 2nd period - Stopped by Carter Hart without a rebound.
12:51 of 2nd period - Derek Grant wins face-off versus Tyler Seguin in VICTORIA GLADIATORS zone.
13:00 of 2nd period - Roman Josi is hit by Tanner Pearson.
13:01 of 2nd period - Icing by Roman Josi.
13:02 of 2nd period - Tyler Seguin wins face-off versus Tanner Pearson in SEATTLE GRUNGE zone.
13:33 of 2nd period - Bryan Rust is hit by Carl Hagelin and loses puck.
13:48 of 2nd period - Shot by Bryan Rust.
13:48 of 2nd period - Stopped by Semyon Varlamov without a rebound.
13:49 of 2nd period - Chris Tierney wins face-off versus Kyle Connor in SEATTLE GRUNGE zone.
13:49 of 2nd period - Chris Tierney is hit by Vincent Trocheck.
14:01 of 2nd period - Minor Penalty to Wayne Simmonds for Hooking.
14:02 of 2nd period - Vincent Trocheck wins face-off versus Jason Spezza in SEATTLE GRUNGE zone.
14:09 of 2nd period - Shot by Vincent Trocheck.
14:09 of 2nd period - Stopped by Semyon Varlamov without a rebound.
14:10 of 2nd period - Morgan Geekie wins face-off versus Anze Kopitar in SEATTLE GRUNGE zone.
14:23 of 2nd period - Shot by Jason Spezza.
14:23 of 2nd period - Stopped by Carter Hart with a rebound.
14:25 of 2nd period - Shot by Travis Sanheim.
14:25 of 2nd period - Shot Blocked by Nikita Zaitsev.
14:49 of 2nd period - Shot by Anze Kopitar.
14:49 of 2nd period - Stopped by Semyon Varlamov without a rebound.
14:50 of 2nd period - Morgan Geekie wins face-off versus Vincent Trocheck in SEATTLE GRUNGE zone.
14:50 of 2nd period - Morgan Geekie is hit by Conor Garland.
15:00 of 2nd period - Torey Krug is hit by Morgan Geekie and loses puck.
16:20 of 2nd period - Shot by Mike Hoffman.
16:20 of 2nd period - Shot Misses the Net.
16:22 of 2nd period - Shot by Mike Hoffman.
16:22 of 2nd period - Shot Misses the Net.
16:24 of 2nd period - Shot by Vladislav Namestnikov.
16:24 of 2nd period - Stopped by Carter Hart without a rebound.
16:25 of 2nd period - Derek Grant wins face-off versus Jason Spezza in VICTORIA GLADIATORS zone.
16:33 of 2nd period - Jared McCann is hit by Travis Sanheim and loses puck.
17:02 of 2nd period - Shot by Derek Grant.
17:02 of 2nd period - Shot Misses the Net.
17:05 of 2nd period - Icing by David Savard.
17:06 of 2nd period - Jason Spezza wins face-off versus Vincent Trocheck in SEATTLE GRUNGE zone.
17:26 of 2nd period - Shot by Kyle Connor.
17:26 of 2nd period - Shot Misses the Net.
17:35 of 2nd period - Vincent Trocheck is hit by David Savard and loses puck.
18:08 of 2nd period - Icing by Anze Kopitar.
18:09 of 2nd period - Anze Kopitar wins face-off versus Josh Bailey in VICTORIA GLADIATORS zone.
18:46 of 2nd period - Shot by Wayne Simmonds.
18:46 of 2nd period - Shot Blocked by Torey Krug.
19:24 of 2nd period - Mike Hoffman is hit by Nikita Zaitsev and loses puck.
19:27 of 2nd period - Shot by Matthew Grzelcyk.
19:27 of 2nd period - Stopped by Carter Hart without a rebound.
19:28 of 2nd period - Vincent Trocheck wins face-off versus Carl Hagelin in VICTORIA GLADIATORS zone.
19:34 of 2nd period - Off-side.
19:35 of 2nd period - Vincent Trocheck wins face-off versus Morgan Geekie in neutral zone.
19:38 of 2nd period - Carl Hagelin is hit by Kyle Connor and loses puck.
19:58 of 2nd period - Icing by Duncan Keith.
19:59 of 2nd period - Vincent Trocheck wins face-off versus Tyler Seguin in VICTORIA GLADIATORS zone.
19:59 of 2nd period - Vincent Trocheck is hit by Vladislav Namestnikov.
Goals for this period are 1 for VICTORIA GLADIATORS vs 1 for SEATTLE GRUNGE.
Shots for this period are 10 for VICTORIA GLADIATORS vs 6 for SEATTLE GRUNGE.

3rd period


0:01 of 3rd period - Tyler Seguin wins face-off versus Conor Garland in neutral zone.
0:06 of 3rd period - Nikita Zaitsev is hit by Vladislav Namestnikov and loses puck.
0:30 of 3rd period - Shot by Roman Josi.
0:30 of 3rd period - Shot Misses the Net.
1:09 of 3rd period - Shot by Jakub Voracek.
1:09 of 3rd period - Stopped by Semyon Varlamov without a rebound.
1:10 of 3rd period - Chris Tierney wins face-off versus Johan Larsson in SEATTLE GRUNGE zone.
1:18 of 3rd period - Nick Holden is hit by Wayne Simmonds and loses puck.
1:46 of 3rd period - Minor Penalty to Chris Tierney for Tripping.
1:46 of 3rd period - Minor Penalty to Nick Holden for Roughing.
1:47 of 3rd period - Anze Kopitar wins face-off versus Tyler Seguin in VICTORIA GLADIATORS zone.
1:51 of 3rd period - Off-side.
1:52 of 3rd period - Tyler Seguin wins face-off versus Anze Kopitar in neutral zone.
1:55 of 3rd period - Shot by Mike Hoffman.
1:55 of 3rd period - Stopped by Carter Hart without a rebound.
1:56 of 3rd period - Tyler Seguin wins face-off versus Anze Kopitar in VICTORIA GLADIATORS zone.
2:03 of 3rd period - Shot by Mike Hoffman.
2:03 of 3rd period - Shot Blocked by Esa Lindell.
2:25 of 3rd period - Shot by Bryan Rust.
2:25 of 3rd period - Deflect By Anze Kopitar.
2:25 of 3rd period - Shot Blocked by Tyler Seguin.
2:33 of 3rd period - Shot by Anze Kopitar.
2:33 of 3rd period - Shot Misses the Net.
3:10 of 3rd period - Shot by Jared McCann.
3:10 of 3rd period - Shot Blocked by Roman Josi.
3:40 of 3rd period - Icing by Roman Josi.
3:41 of 3rd period - Tyler Seguin wins face-off versus Anze Kopitar in SEATTLE GRUNGE zone.
5:10 of 3rd period - Shot by Morgan Geekie.
5:10 of 3rd period - Stopped by Carter Hart without a rebound.
5:11 of 3rd period - Jason Spezza wins face-off versus Johan Larsson in VICTORIA GLADIATORS zone.
5:28 of 3rd period - Shot by Trevor Lewis.
5:28 of 3rd period - Shot Blocked by Mattias Janmark.
5:36 of 3rd period - Shot by Trevor Lewis.
5:36 of 3rd period - Shot Misses the Net.
5:42 of 3rd period - Shot by Trevor Lewis.
5:42 of 3rd period - Shot Blocked by Nick Holden.
5:53 of 3rd period - Off-side.
5:54 of 3rd period - Anze Kopitar wins face-off versus Morgan Geekie in neutral zone.
6:05 of 3rd period - Shot by Anze Kopitar.
6:05 of 3rd period - Stopped by Semyon Varlamov without a rebound.
6:06 of 3rd period - Vincent Trocheck wins face-off versus Josh Bailey in SEATTLE GRUNGE zone.
6:19 of 3rd period - Shot by Kyle Connor.
6:19 of 3rd period - Shot Misses the Net.
6:29 of 3rd period - Shot by Chris Tierney.
6:29 of 3rd period - Deflect By Wayne Simmonds.
6:29 of 3rd period - Shot Misses the Net.
6:31 of 3rd period - Shot by Wayne Simmonds.
6:31 of 3rd period - The goal is going for a video replay.
6:31 of 3rd period - The goal is refused.
6:32 of 3rd period - Anze Kopitar wins face-off versus Tyler Seguin in VICTORIA GLADIATORS zone.
7:33 of 3rd period - Shot by Chris Tierney.
7:33 of 3rd period - Shot Misses the Net.
8:01 of 3rd period - Shot by Conor Garland.
8:01 of 3rd period - Deflect By Kyle Connor.
8:01 of 3rd period - Shot Hit the Post.
8:12 of 3rd period - Shot by Vincent Trocheck.
8:12 of 3rd period - Shot Misses the Net.
8:14 of 3rd period - Shot by Conor Garland.
8:14 of 3rd period - Stopped by Semyon Varlamov without a rebound.
8:15 of 3rd period - Johan Larsson wins face-off versus Morgan Geekie in SEATTLE GRUNGE zone.
8:27 of 3rd period - Marcus Sorensen is hit by Nick Holden and loses puck.
8:39 of 3rd period - Icing by Slater Koekkoek.
8:40 of 3rd period - Morgan Geekie wins face-off versus Derek Grant in SEATTLE GRUNGE zone.
8:56 of 3rd period - Jared McCann is hit by Slater Koekkoek and loses puck.
8:59 of 3rd period - Shot by Jared McCann.
8:59 of 3rd period - Shot Misses the Net.
9:01 of 3rd period - Shot by John Hayden.
9:01 of 3rd period - Stopped by Semyon Varlamov with a rebound.
9:03 of 3rd period - Shot by Esa Lindell.
9:03 of 3rd period - Stopped by Semyon Varlamov without a rebound.
9:04 of 3rd period - Tyler Seguin wins face-off versus Kyle Connor in SEATTLE GRUNGE zone.
11:24 of 3rd period - Shot by Johan Larsson.
11:24 of 3rd period - Shot Misses the Net.
11:45 of 3rd period - Morgan Geekie is hit by Nikita Zaitsev and loses puck.
12:00 of 3rd period - Shot by Tyler Seguin.
12:00 of 3rd period - Stopped by Carter Hart without a rebound.
12:01 of 3rd period - Tyler Seguin wins face-off versus Vincent Trocheck in VICTORIA GLADIATORS zone.
12:14 of 3rd period - Shot by Conor Garland.
12:14 of 3rd period - Shot Blocked by Damon Severson.
12:45 of 3rd period - Icing by Vincent Trocheck.
12:46 of 3rd period - Vincent Trocheck wins face-off versus Jason Spezza in VICTORIA GLADIATORS zone.
12:46 of 3rd period - Vincent Trocheck is hit by Ryan Reaves.
14:00 of 3rd period - Shot by Josh Bailey.
14:00 of 3rd period - Shot Hit the Post.
14:02 of 3rd period - Shot by Roman Josi.
14:02 of 3rd period - Shot Blocked by Esa Lindell.
14:10 of 3rd period - Shot by Chris Tierney.
14:10 of 3rd period - Stopped by Carter Hart without a rebound.
14:11 of 3rd period - Tyler Seguin wins face-off versus Johan Larsson in VICTORIA GLADIATORS zone.
14:12 of 3rd period - Shot by Vladislav Namestnikov.
14:12 of 3rd period - Stopped by Carter Hart with a rebound.
14:15 of 3rd period - Minor Penalty to Vladislav Namestnikov for High sticking.
14:16 of 3rd period - Morgan Geekie wins face-off versus Anze Kopitar in SEATTLE GRUNGE zone.
14:25 of 3rd period - Shot by Josh Bailey.
14:25 of 3rd period - Shot Misses the Net.
14:27 of 3rd period - Shot by Josh Bailey.
14:27 of 3rd period - Goal by Josh Bailey - VICTORIA GLADIATORS : 2 - SEATTLE GRUNGE : 3.
14:28 of 3rd period - Morgan Geekie wins face-off versus Conor Garland in neutral zone.
14:39 of 3rd period - Off-side.
14:40 of 3rd period - Anze Kopitar wins face-off versus Josh Bailey in neutral zone.
16:06 of 3rd period - Shot by Kyle Connor.
16:06 of 3rd period - Stopped by Semyon Varlamov without a rebound.
16:07 of 3rd period - Morgan Geekie wins face-off versus Anze Kopitar in SEATTLE GRUNGE zone.
16:26 of 3rd period - Shot by Tanner Pearson.
16:26 of 3rd period - Shot Blocked by Slater Koekkoek.
17:28 of 3rd period - John Hayden is hit by Slater Koekkoek and loses puck.
17:30 of 3rd period - Minor Penalty to Slater Koekkoek for Roughing.
17:31 of 3rd period - Anze Kopitar wins face-off versus Morgan Geekie in SEATTLE GRUNGE zone.
17:44 of 3rd period - Shot by Anze Kopitar.
17:44 of 3rd period - Deflect By Jakub Voracek.
17:44 of 3rd period - Shot Blocked by Roman Josi.
17:46 of 3rd period - Shot by Bryan Rust.
17:46 of 3rd period - Deflect By Anze Kopitar.
17:46 of 3rd period - Stopped by Semyon Varlamov without a rebound.
17:47 of 3rd period - Morgan Geekie wins face-off versus Vincent Trocheck in SEATTLE GRUNGE zone.
18:02 of 3rd period - Shot by Kyle Connor.
18:02 of 3rd period - Stopped by Semyon Varlamov with a rebound.
18:16 of 3rd period - Shot by Kyle Connor.
18:16 of 3rd period - Goal by Kyle Connor - VICTORIA GLADIATORS : 3 - SEATTLE GRUNGE : 3.
18:17 of 3rd period - Anze Kopitar wins face-off versus Jason Spezza in neutral zone.
18:20 of 3rd period - Shot by Bryan Rust.
18:20 of 3rd period - Goal by Bryan Rust - VICTORIA GLADIATORS : 4 - SEATTLE GRUNGE : 3.
18:21 of 3rd period - Jakub Voracek wins face-off versus Jason Spezza in neutral zone.
18:32 of 3rd period - Shot by Anze Kopitar.
18:32 of 3rd period - Stopped by Semyon Varlamov without a rebound.
18:33 of 3rd period - Vincent Trocheck wins face-off versus Chris Tierney in SEATTLE GRUNGE zone.
18:53 of 3rd period - Minor Penalty to Vincent Trocheck for Holding.
18:54 of 3rd period - Derek Grant wins face-off versus Tyler Seguin in VICTORIA GLADIATORS zone.
19:11 of 3rd period - Duncan Keith is hit by Tyler Seguin.
19:15 of 3rd period - SEATTLE GRUNGE, Semyon Varlamov is pulled from the net.
19:17 of 3rd period - Shot by Mike Hoffman.
19:17 of 3rd period - Shot Misses the Net.
19:19 of 3rd period - Shot by David Savard.
19:19 of 3rd period - Shot Misses the Net.
19:33 of 3rd period - Shot by Mike Hoffman.
19:33 of 3rd period - Shot Blocked by Tanner Pearson.
Goals for this period are 2 for VICTORIA GLADIATORS vs 1 for SEATTLE GRUNGE.
Shots for this period are 11 for VICTORIA GLADIATORS vs 7 for SEATTLE GRUNGE.


RYAN
NUGENT-HOPKINS
THATCHER
DEMKO
MITCHELL
MARNER

EAST COAST

HOCKEY LEAGUE

  • 13.MAN3PIT5
  • 14.NHW2ATL3
  • 15.PET5WOR4
  • 16.RHI30
  • 17.QUECHI
  • 18.CHALIM
  • 19.TRVLON
  • 20.CHWBAL